AoeStats
← Blyad _Mann

Oasis

509578244Analyzed
4v4 RM · 5d ago on Sep 27, 2026· 26m 32s· 8 players
Game mode
Random Map
Map size
Large (8 player)
Population
200
Speed
Normal
Resources
Standard
Victory
Conquest
Starting age
Dark Age
Ending age
Imperial Age
RankedLock teamsTeams togetherTeam positionsShared explorationLock speedFull tech treeHidden civsTurbo modeCheats
Victory
Defeat
🇮🇳 Cumans · India
947
+18
🇨🇳 Khmer · China
940
+18
🇻🇳 Ethiopians · Vietnam
911
+19
🇳🇱 Varangians · Netherlands
907
+19
🇪🇸 Slavs · Spain
998
-19
🇮🇹 Byzantines · Italy
982
-19
🇫🇷 Britons · France
976
-18
🇩🇪 Bohemians · Germany
974
-18
Tào Tháo
0:37 Loom
13:15 Feudal Age
13:59 Double-Bit Axe
13:56 Horse Collar
16:09 Gold Mining
20:52 Wheelbarrow
20:33 Stone Mining
24:46 Castle Age
24:09 Forging
25:06 Padded Archer Armor
24:57 Fletching
25:45 Crossbowman
26:33 Thumb Ring
949463290
11:39 Feudal Age
12:47 Double-Bit Axe
13:57 Horse Collar
18:05 Stone Mining
18:07 Gold Mining
21:53 Castle Age
24:31 Stone Shaft Mining
24:40 Gold Shaft Mining
26:01 Heavy Plow
kwik
6:43 Loom
9:43 Feudal Age
10:16 Double-Bit Axe
10:14 Horse Collar
18:03 Wheelbarrow
17:14 Town Watch
22:16 Castle Age
20:42 Scale Barding Armor
20:47 Forging
20:53 Bloodlines
21:21 Gold Mining
22:21 Capped Ram
23:23 Chain Barding Armor
23:38 Iron Casting
23:16 Bow Saw
23:09 Heavy Plow
Blyad _Mann
0:28 Loom
13:31 Feudal Age
13:53 Horse Collar
14:00 Double-Bit Axe
22:29 Castle Age
20:43 Stone Mining
20:56 Gold Mining
22:09 Forging
21:59 Scale Mail Armor
23:24 Bow Saw
25:14 Iron Casting
24:44 Scale Barding Armor
Osman1453
2:50 Loom
12:49 Feudal Age
25:05 Castle Age
24:45 Double-Bit Axe
MIRMIDOR
10:58 Loom
13:26 Feudal Age
18:25 Castle Age
16:48 Double-Bit Axe
17:29 Stone Mining
17:47 Horse Collar
21:09 Bow Saw
24:09 Wheelbarrow
25:38 Pikeman
26:20 Squires
Kedyros
6:43 Loom
9:40 Feudal Age
17:34 Castle Age
Miccit88
12:15 Feudal Age
12:40 Horse Collar
12:46 Double-Bit Axe
18:35 Loom
21:04 Castle Age
19:28 Stone Mining
19:31 Gold Mining
20:30 Forging
20:25 Scale Barding Armor
20:31 Scale Barding Armor
21:17 Fletching
21:34 Scale Mail Armor
23:06 Heavy Plow
24:08 Iron Casting
23:40 Squires
24:46 Wheelbarrow
25:38 Husbandry
Connection lost

Rejoining the realm…

Still unreachable

The connection could not be restored.

Session expired

The server has moved on; the page needs a fresh start.